AoeStats
← Rb's

Highland

505126648Analyzed
3v3 RM · 25d ago on Sep 8, 2026· 59m 34s· 6 players
Game mode
Random Map
Map size
Normal (6 player)
Population
200
Speed
Normal
Resources
Standard
Victory
Conquest
Starting age
Dark Age
Ending age
Imperial Age
RankedLock teamsTeams togetherTeam positionsShared explorationLock speedFull tech treeHidden civsTurbo modeCheats
Victory
Defeat
🇺🇸 Italians · United States
868
+14
🇨🇦 Ethiopians · Canada
854
+15
🇦🇺 Japanese · Australia
848
+15
🇺🇸 Franks · United States
853
-15
🇺🇸 Bulgarians · United States
823
-15
🇺🇸 Byzantines · United States
819
-14
BRY
11:06 Feudal Age
12:06 Double-Bit Axe
17:34 Loom
21:04 Castle Age
18:46 Horse Collar
19:58 Forging
19:58 Scale Barding Armor
20:24 Gold Mining
20:29 Stone Mining
23:14 Wheelbarrow
25:33 Iron Casting
29:55 Chain Barding Armor
32:00 Fletching
37:08 Imperial Age
35:26 Heavy Plow
37:13 Elite Konnik
38:18 Gambesons
38:19 Arson
40:08 Blast Furnace
39:09 Scale Mail Armor
50:52 Onager
bray
3:00 Loom
12:40 Feudal Age
13:33 Horse Collar
13:48 Double-Bit Axe
19:35 Castle Age
18:37 Gold Mining
21:27 Bow Saw
22:53 Wheelbarrow
24:46 Scale Barding Armor
26:49 Stone Mining
28:23 Forging
31:50 Caravan
32:48 Heavy Plow
33:30 Husbandry
33:53 Chain Barding Armor
37:15 Imperial Age
36:17 Hand Cart
38:26 Iron Casting
38:16 Logistica
39:54 Two-Man Saw
40:26 Elite Cataphract
42:08 Stone Shaft Mining
42:09 Gold Shaft Mining
43:22 Plate Barding Armor
45:51 Crop Rotation
44:52 Cavalier
45:38 Heavy Camel Rider
49:34 Paladin
51:37 Conscription
57:19 Fletching
57:30 Padded Archer Armor
58:11 Light Cavalry
Nicky
12:33 Feudal Age
13:32 Double-Bit Axe
28:48 Castle Age
26:44 Gold Mining
26:47 Stone Mining
27:53 Scale Barding Armor
27:59 Forging
29:17 Fishing Lines
30:31 Medium Warships
30:14 Gillnets
31:51 Bow Saw
33:09 Husbandry
34:07 Gold Shaft Mining
42:58 Imperial Age
41:07 Wheelbarrow
40:18 Town Watch
43:34 Cavalier
46:40 Chain Barding Armor
46:56 Iron Casting
46:11 Paladin
48:16 Hand Cart
48:01 Town Patrol
49:23 Plate Barding Armor
53:51 Onager
Mongkadai
1:30 Loom
10:29 Feudal Age
13:20 Double-Bit Axe
17:15 Castle Age
15:33 Horse Collar
15:53 Stone Mining
17:21 Gold Mining
17:31 Fletching
29:37 Gold Mining
32:55 Imperial Age
30:51 Padded Archer Armor
32:11 Wheelbarrow
31:50 Pikeman
35:20 Conscription
35:23 Cavalier
39:02 Bodkin Arrow
39:17 Forging
39:14 Scale Barding Armor
40:59 Bloodlines
40:50 Husbandry
41:32 Iron Casting
41:00 Bracer
41:20 Bow Saw
42:16 Iron Casting
44:42 Chemistry
44:57 Squires
50:04 Blast Furnace
49:25 Chain Barding Armor
49:20 Leather Archer Armor
50:27 Scale Mail Armor
50:37 Arson
54:54 Elite Genoese Crossbowman
58:23 Plate Barding Armor
58:04 Chain Mail Armor
Rb's
2:08 Loom
10:26 Feudal Age
11:45 Double-Bit Axe
13:17 Wheelbarrow
14:56 Fishing Lines
16:47 Gold Mining
17:29 Horse Collar
25:07 Castle Age
23:43 Stone Mining
25:12 Fletching
25:23 Padded Archer Armor
26:14 Bow Saw
26:19 Thumb Ring
27:28 Gillnets
27:58 Crossbowman
29:09 Bodkin Arrow
29:30 Leather Archer Armor
30:27 Stone Shaft Mining
32:04 Hand Cart
31:35 Town Watch
34:19 Caravan
36:48 Ballistics
36:32 Town Patrol
43:02 Imperial Age
43:50 Arbalester
46:28 Chemistry
45:34 Bracer
46:04 Ring Archer Armor
45:37 Scale Mail Armor
46:02 Halberdier
46:42 Squires
51:47 Two-Man Saw
59:31 Forging
59:36 Chain Mail Armor
Cwark San
0:29 Loom
11:57 Feudal Age
12:58 Horse Collar
13:05 Double-Bit Axe
13:41 Gold Mining
15:04 Man-at-Arms
15:30 Arson
16:23 Forging
16:14 Scale Mail Armor
17:25 Fletching
22:57 Castle Age
21:04 Stone Mining
22:49 Wheelbarrow
24:26 Squires
24:40 Bow Saw
24:33 Heavy Plow
26:02 Gold Shaft Mining
28:47 Iron Casting
30:14 Chain Mail Armor
30:53 Hand Cart
30:24 Town Watch
31:25 Town Patrol
31:23 Treadmill Crane
36:51 Imperial Age
35:51 Masonry
38:12 Elite Samurai
39:12 Conscription
39:56 Blast Furnace
40:45 Hoardings
43:02 Plate Mail Armor
43:43 Kataparuto
46:36 Bodkin Arrow
49:05 Fortified Wall
49:01 Siege Engineers
49:57 Chemistry
49:00 Bracer
51:08 Caravan
53:32 Guard Tower
53:44 Yasama
55:03 Two-Man Saw
55:06 Ballistics
55:22 Keep
Connection lost

Rejoining the realm…

Still unreachable

The connection could not be restored.

Session expired

The server has moved on; the page needs a fresh start.